 Dungeon Crawl Stone Soup version 0.29.1-2-gbd0b4ee654 (webtiles) character file.

Game seed: 1188550070081725054

35 GeoRichter the Shooter (level 3, 13/18 HPs)
             Began as a Spriggan Hunter on Nov 11, 2022.
             Quit the game on level 2 of the Dungeon.
             The game lasted 00:01:22 (1136 turns).

GeoRichter the Shooter (Spriggan Hunter)            Turns: 1136, Time: 00:01:22

Health: 13/18      AC:  2    Str:  7    XL:     3   Next: 17%
Magic:  4/4        EV: 17    Int: 12    God:
Gold:   47         SH:  0    Dex: 18    Spells: 2/2 levels left

rFire   . . .      SeeInvis +   a - +0 shortbow
rCold   . . .      Faith    .   (shield currently unavailable)
rNeg    . . .      Spirit   .   c - +0 robe
rPois   .          Reflect  .   (helmet restricted)
rElec   .          Harm     .   (no cloak)
rCorr   .          Rampage  .   (gloves unavailable)
Will    .....                   (boots unavailable)
Stlth   ++........              (no amulet)
HPRegen 0.06/turn               (no ring)
MPRegen 0.09/turn               (no ring)

@: very quick
A: very small, no large weapons, unfitting armour, see invisible, speed 3
a: no special abilities


You were on level 2 of the Dungeon.
You visited 1 branch of the dungeon, and saw 2 of its levels.

You collected 47 gold pieces.

Inventory:

Hand Weapons
 a - a +0 shortbow (weapon)
Armour
 c - a +0 robe (worn)
Scrolls
 b - a scroll of immolation {!r}
 h - a scroll of identify {unknown}
Potions
 d - 2 potions of attraction {unknown}
 e - a potion of lignification {unknown}
 f - 2 potions of might {unknown}
 g - a potion of heal wounds {unknown}
 i - a potion of mutation {unknown}


   Skills:
 + Level 2.1 Fighting
 * Level 4.8 Ranged Weapons
 - Level 2.6 Dodging
 - Level 1.5 Stealth


You had 2 spell levels left.
You didn't know any spells.
Your spell library was empty.

Dungeon Overview and Level Annotations

Branches:
Dungeon (2/15) Zot: 11165

Altars:


Innate Abilities, Weirdness & Mutations

You are very small and have problems with some larger weapons.
You are too small for most types of armour.
You have supernaturally acute eyesight. (SInv)
You cover ground extremely quickly. (Speed+++)


Message History

The quokka closely misses you.
A quokka is nearby!
You shoot an arrow. The arrow hits the quokka.
The quokka barely misses you. x2
A quokka is nearby!
You shoot an arrow. The arrow hits the quokka.
You kill the quokka!
You see here a quokka corpse.
Things that are here:
a jackal skeleton; a jackal skeleton
There is an open door here.
Key pressed, stopping explore.
No target in view!
There is an open door here.
You see here a +0 dagger.
There is an open door here.
You open the door.
Found a scroll labelled UFUIBO PYSI.
No target in view!
There is an open door here.
h - a scroll labelled UFUIBO PYSI Done exploring.
Done exploring.
Done exploring.
Done exploring.
Done exploring.
There is an open door here.
There is an open door here.
You see here a +0 dagger.
There is a stone staircase leading down here.
You climb downwards.
There is a stone staircase leading up here.
Found an emerald potion.
i - an emerald potion
There is a stone staircase leading up here.
A hobgoblin comes into view.
A hobgoblin is nearby!
A hobgoblin is nearby!
A hobgoblin is nearby!
You shoot an arrow.
The arrow hits the hobgoblin but does no damage.
You shoot an arrow. The arrow closely misses the hobgoblin.
You shoot an arrow. The arrow hits the hobgoblin.
You shoot an arrow.
The arrow hits the hobgoblin but does no damage.
The hobgoblin hits you.
You shoot an arrow. The arrow barely misses the hobgoblin.
The hobgoblin closely misses you.
You shoot an arrow. The arrow hits the hobgoblin.
You kill the hobgoblin!
No target in view!

. .# . .. # .#
######## .#
#....... #.#
#.###### #.#
#.# ###†###
#<# #.@...#
#.#
#.#.#.######.#
#.#..........#
#.###.########
#.....#
#######


There were no monsters in sight!

Vanquished Creatures
  A dart slug (D:1)
  A ball python (D:1)
  4 bats (D:1)
  2 endoplasms (D:1)
  2 giant cockroaches (D:1)
  3 goblins (D:1)
  2 hobgoblins
  4 jackals (D:1)
  3 quokkas (D:1)
  3 frilled lizards (D:1)
  2 rats (D:1)
27 creatures vanquished.

Notes
Turn   | Place    | Note
-------+----------+-------------------------------------------
     0 | D:1      | GeoRichter the Spriggan Hunter began the quest for the Orb.
     0 | D:1      | Reached XP level 1. HP: 10/10 MP: 2/2
   198 | D:1      | Reached XP level 2. HP: 15/15 MP: 3/3
   665 | D:1      | Reached XP level 3. HP: 18/18 MP: 4/4
  1136 | D:2      | Quit the game

Illustrated notes

Levels and vault maps discovered:
D:1:      tarquinn_simple_flora_water_d, layout_basic, serial_corexii_hall,
          corexii_hall_statues_l, chequers_hall_statues_y,
          corexii_hall_statues_s, corexii_hall_statues_t,
          chequers_hall_statues_wall_a, chequers_hall_statues_corner_a,
          supply_closet_lemuel, minmay_pentomino_q4
D:2:      layout_loops_ring, basic_altar, shapermc_ecumenical_altar_ellora,
          serial_shops, nicolae_shop_competitors_out_of_business, uniq_robin

Skill      XL: |  1  2 |
---------------+-------+-----
Fighting       | 2 |  2.1
Ranged Weapons | |  4.8
Dodging        | |  2.6
Stealth        | |  1.5

Action                   || total
-------------------------++-------
 Fire: Shortbow          ||    77
Armor: Robe              ||     8
Dodge: Dodged            ||    51
